 Dungeon Crawl Stone Soup version bcrawl-1.12-8-g964540c432 (webtiles) character file.

Game seed: 276324705553851917

20 MisterOstroum the Sneak (level 3, 29/29 HPs)
             Began as a Formicid Archaeologist on June 8, 2019.
             Quit the game on level 2 of the Dungeon.
             The game lasted 00:01:27 (943 turns).

MisterOstroum the Sneak (Formicid Archaeologist)     Turns: 943, Time: 00:01:27

Health: 29/29      AC:  7    Str: 16    XL:     3   Next: 0%
Magic:  3/3        EV: 12    Int: 13    God:
Gold:   32         SH:  2    Dex:  9    Spells: 2/2 levels left

rFire    . . .     SeeInvis +   o - +0 falchion
rCold    . . .     Gourm    .   (no shield)
rNeg     . . .     Faith    .   a - +1 robe
rPois    .         Spirit   .   (helmet unavailable)
rElec    .         Reflect  +   (no cloak)
rCorr    .         Harm     .   c - +1 pair of gloves
MR       .....                  b - +1 pair of boots
Stlth    ++........             m - +2 amulet of reflection
HPRegen  0.09/turn              (no ring)
MPRegen  0.08/turn              (no ring)

@: studying Spellcasting
A: permanent stasis, dig shafts and tunnels, four strong arms, antennae 3
a: Dig, Shaft Self


You were on level 2 of the Dungeon.
You were not hungry.

You visited 1 branch of the dungeon, and saw 2 of its levels.

You collected 32 gold pieces.

Inventory:

Hand Weapons
 l - a +0 dagger
 o - a +0 falchion (weapon)
Missiles
 g - 382 stones (quivered)
Armour
 a - a +1 robe (worn)
 b - a +1 pair of boots (worn)
 c - a +1 pair of gloves (worn)
Jewellery
 m - a +2 amulet of reflection (around neck)
Scrolls
 j - a scroll of identify {@r1}
 k - 2 scrolls of teleportation {unknown}
Potions
 h - a potion of berserk rage {unknown}
Books
 d - a manual of Spellcasting
Miscellaneous
 f - an ancient crate
Comestibles
 e - a ration {!d}
 i - a chunk of flesh


   Skills:
 + Level 3.0 Fighting
 - Level 2.6 Dodging
 - Level 4.0 Stealth


You had 2 spell levels left.
You didn't know any spells.
Your spell library was empty.

Dungeon Overview and Level Annotations

Branches:
Dungeon (2/12)

Altars:


Innate Abilities, Weirdness & Mutations

You cannot be hasted, slowed, berserked, paralysed or teleported.
You can dig through walls and to a lower floor.
Your four strong arms can wield two-handed weapons with a shield.
You have a pair of large antennae on your head. (SInv)


Message History

You hit the bat.
The bat is severely wounded.
The bat hits you but does no damage.
Throwing (i - inventory)
g - 236 stones (quivered)
Press: ? - help, Shift-Dir - straight line, f/p - bat
Aim: a bat (severely wounded)
You throw a stone. The stone barely misses the bat.
The bat hits you. The bat closely misses you.
You closely miss the bat.
The bat is severely wounded.
The bat hits you but does no damage.
Throwing (i - inventory)
g - 235 stones (quivered)
Press: ? - help, Shift-Dir - straight line, f/p - bat
Aim: a bat (severely wounded)
You throw a stone. The stone hits the bat.
You kill the bat!
You closely miss the kobold. The kobold hits you but does no damage.
You closely miss the kobold. The kobold barely misses you.
You hit the kobold.
The kobold is severely wounded.
The kobold closely misses you.
You closely miss the kobold.
The kobold is severely wounded.
The goblin barely misses you. The kobold hits you but does no damage.
You hit the kobold.
You kill the kobold!
The goblin hits you but does no damage.
You closely miss the goblin. The goblin misses you.
You barely miss the goblin. The goblin closely misses you.
You hit the goblin.
The goblin is severely wounded.
The goblin hits you but does no damage.
You barely miss the goblin.
The goblin is severely wounded.
The goblin closely misses you.
You hit the goblin.
You kill the goblin!
No target in view!
You see here a +0 short sword.
There isn't anything to butcher here.
n - a +0 short sword Wield which item (- for none, * to show all)? (? for menu, Esc to quit)
n - a +0 short sword (weapon)
Things that are here:
a +0 club; a goblin corpse You butcher the goblin corpse.
i - 4 chunks of flesh (gained 1)
Things that are here:
a +0 club; a goblin skeleton
Things that are here:
a +0 club; a goblin skeleton
Found a stone staircase leading down.
g - 382 stones (gained 148)
You open the door.
There is an open door here.
Done exploring.
Done exploring.
Done exploring.
(D) Dungeon
Where to? (? - help)
There is a stone staircase leading down here.
You climb downwards.
There is a stone staircase leading up here.
Found a falchion.
Found a leather armour.
A hobgoblin comes into view. It is wielding a +0 club.
Some of the chunks of flesh in your inventory have rotted away.
You see here a falchion.
o - a falchion Wield which item (- for none, * to show all)? (? for menu, Esc to quit)
o - a +0 falchion (weapon)
Wield which item (- for none, * to show all)? (? for menu, Esc to quit)
Okay, then.
Drop what? 15/52 slots (_ for help) (? for menu, Esc to quit)
You drop a +0 short sword.
As you read the scroll labeled GYKKOL EMOG, it crumbles to dust.
It is a scroll of identify.
m - a +2 amulet of reflection Put on which piece of jewellery? (? for menu, Esc to quit)
m - a +2 amulet of reflection (around neck)
The hobgoblin shouts!
You see here 19 gold pieces.
You hit the hobgoblin.
The hobgoblin is heavily wounded.
The hobgoblin closely misses you.
You hit the hobgoblin but do no damage.
The hobgoblin is heavily wounded.
The hobgoblin closely misses you.
You hit the hobgoblin but do no damage.
The hobgoblin is heavily wounded.
The hobgoblin hits you but does no damage.
You slash the hobgoblin!
You kill the hobgoblin!
Your Fighting skill increases to level 3!
You have reached level 3!
Your experience leads to an increase in your attributes!
Increase (S)trength, (I)ntelligence, or (D)exterity?
You feel stronger.
You have an epiphany!
The dusty tome is a manual of Spellcasting!
Reading it may be key to unlocking the crate...
Are you sure you want to abandon this character and quit the game? (Confirm with "yes".)

{ ##### #####
#...
...[.######.###
#..........#
#..)@..).#.#
#...$....#.#
#........#.#
..........#.#.#
#####.....#.#.#
#.###.#.#<# {
... ..#.#.#
.### ..#.#.#
...#.#.#


There were no monsters in sight!

Vanquished Creatures
  A dart slug (D:1)
  2 leopard geckos (D:1)
  4 goblins (D:1)
  3 hobgoblins
  2 bats (D:1)
  2 kobolds (D:1)
  A rat (D:1)
15 creatures vanquished.

Notes
Turn   | Place    | Note
-------+----------+-------------------------------------------
     0 | D:1      | MisterOstroum the Formicid Archaeologist began the quest
                  | for the Orb.
     0 | D:1      | Reached XP level 1. HP: 15/15 MP: 1/1
   332 | D:1      | Reached XP level 2. HP: 22/22 MP: 2/2
   942 | D:2      | Reached XP level 3. HP: 29/29 MP: 3/3
   943 | D:2      | Quit the game

Skill      XL: |  1  2 |
---------------+-------+-----
Fighting       | 2 3 |  3.0
Dodging        | |  2.6
Stealth        | |  4.0

Action                   || total
-------------------------++-------
Melee: Unarmed           ||    37
       Club              ||    16
       Dagger            ||    38
       Falchion          ||     4
Throw: Stone             ||    50
  Use: Scroll            ||     1
Armor: Robe              ||    33
Dodge: Dodged            ||    56
